 Dungeon Crawl Stone Soup version 0.18.1-48-g4cf74bf (webtiles) character file.

62495 Heedrag the Devastator (level 14, -4/92 HPs)
             Began as a Deep Elf Conjurer on Aug 2, 2016.
             Was a High Priest of Vehumet.
             Killed from afar by Azrael (24 damage)
             ... with damnation
             ... on level 2 of the Orcish Mines.
             The game lasted 01:18:28 (22374 turns).

Heedrag the Devastator (Deep Elf Conjurer)         Turns: 22374, Time: 01:18:31

Health: -4/92      AC: 11    Str:  8    XL:     14   Next: 64%
Magic:  10/33      EV: 20    Int: 23    God:    Vehumet [*****.]
Gold:   1290       SH: 13    Dex: 15    Spells: 7 memorised, 9 levels left

rFire  . . .     SeeInvis +     y - staff of conjuration
rCold  + . .     Gourm    .     L - +0 troll leather armour
rNeg   . . .     Faith    .     H - +2 shield
rPois  +         Spirit   .     Z - +1 helmet {SInv}
rElec  .         Dismiss  .     u - +0 cloak
rCorr  .         Reflect  +     s - +2 pair of gloves
SustAt .         Harm     .     (no boots)
MR     +....                    J - +2 amulet of reflection
Stlth  ++........               B - ring of protection from cold
                                v - +4 ring of evasion

@: somewhat resistant to hostile enchantments, unstealthy
A: poison resistance, robust 1, wild magic 1
a: Renounce Religion


You were on level 2 of the Orcish Mines.
You worshipped Vehumet.
Vehumet was extremely pleased with you.
You were not hungry.

You visited 4 branches of the dungeon, and saw 20 of its levels.
You also visited: Labyrinth.

You collected 1290 gold pieces.

Inventory:

Hand Weapons
 j - a +2 short sword of speed
 o - a +4 hunting sling of evasion
 P - a +4 quarterstaff of chaos
Armour
 s - a +2 pair of gloves (worn)
 u - a +0 cloak (worn)
 H - a +2 shield (worn)
 L - a +0 troll leather armour (worn)
 Q - a +0 shield
 Z - a +1 helmet of see invisible (worn)
Magical Staves
 y - an uncursed staff of conjuration (weapon)
 G - an uncursed staff of cold
Jewellery
 d - an uncursed ring of flight
 n - an uncursed ring of see invisible
 v - a +4 ring of evasion (left hand)
 B - a ring of protection from cold (right hand)
 J - a +2 amulet of reflection (around neck)
 M - an uncursed ring of poison resistance
Wands
 e - a wand of acid (4/15)
 f - a wand of lightning (10/15)
 p - a wand of disintegration (7/24)
 x - a wand of teleportation (5/9)
 D - a wand of paralysis (24/24)
Scrolls
 a - 2 scrolls of magic mapping
 g - 2 scrolls of fog
 k - 11 scrolls of identify
 m - 3 scrolls of recharging
 r - 11 scrolls of remove curse
 t - 4 scrolls of teleportation
 w - 3 scrolls of blinking
Potions
 i - 2 potions of heal wounds
 z - 4 potions of curing
 A - a potion of might
 C - a potion of flight
 N - 4 potions of haste
Books
 q - a book of Maledictions

   Spells                             Type                      Level
   a - Corona                         Hexes                        1
   b - Ensorcelled Hibernation        Hexes/Ice                    2
   c - Confuse                        Hexes                        3
   d - Tukima's Dance                 Hexes                        3
   e - Dazzling Spray                 Conjuration/Hexes            3
Comestibles
 b - 3 beef jerkies
 c - 9 bread rations
 h - 3 royal jellies
 l - 8 fruits
 F - 3 meat rations
 R - 2 slices of pizza


   Skills:
 + Level 8.6 Fighting
 + Level 4.7 Armour
 + Level 10.6 Dodging
 - Level 2.4 Stealth
 + Level 6.9 Shields
 + Level 13.0 Spellcasting
 * Level 15.0 Conjurations
 - Level 10.0 Charms
 + Level 5.1 Necromancy
 + Level 7.0 Fire Magic


You had 9 spell levels left.
You knew the following spells:

 Your Spells              Type           Power        Failure   Level  Hunger
a - Magic Dart            Conj           ####         1%          1    None
b - Dazzling Spray        Conj/Hex       ######       1%          3    None
c - Iskenderun's Mystic   Conj           ########     1%          4    None
d - Iskenderun's Battles  Conj/Chrm      #######.     1%          5    ###....
e - Bolt of Draining      Conj/Necr      #######...   4%          5    ###....
f - Fireball              Conj/Fire      #######...   2%          5    ###....
g - Orb of Destruction    Conj           ########..   13%         7    ######.


Dungeon Overview and Level Annotations

Branches:
Dungeon (13/15)            Temple (1/1) D:5            Lair (4/8) D:8
    Orc (2/2) D:10         Vaults (0/5) D:13
  Swamp: Lair:3-6    Shoals: Lair:3-6     Snake: Lair:3-6    Spider: Lair:3-6
    Elf: Orc:2

Altars:
Ashenzari
Cheibriados
Dithmenos
Elyvilon
Fedhas
Gozag
Kikubaaqudgha
Makhleb
Nemelex Xobeh
Okawaru
Pakellas
Qazlal
Ru
Sif Muna
Trog
Vehumet
Xom
Yredelemnul
Zin
The Shining One

Shops:
Orc:1 =

Annotations:
Orc:2 Azrael


Innate Abilities, Weirdness & Mutations

Your system is resistant to poisons.
You are robust (+10% HP).
Your spells are a little harder to cast, but a little more powerful.


Message History

Ye feel yer power returnin'.
Yer battlesphere fires!
Tha barrage o' energy hits Azrael.
Azrael be severely wounded.
Azrael gestures at ye.
Tha bolt o' fire hits ye!
* * * LOW HITPOINT WARNIN'
* * * Castin': Iskenderun's Mestic Blast Confirm wit' . or Enter, or press ? or * ta list all spells.
Aimin': Iskenderun's Mestic Blast
Press: ? - help, Shift-Dir - straight line, f/p - Azrael
Aim: Azrael, wieldin' a scimitar o' flamin' (flame, severely wounded) Ye feel a surge o' power!
Tha orb o' energy hits Azrael.
Azrael be severely wounded.
Yer battlesphere fires!
Tha barrage o' energy hits Azrael.
Azrael be severely wounded.
Azrael gestures at ye.
Tha damnation unfurls!
Tha damnation 'ngulfs ye!
Ye die...

..........##.....§..#
..._....#####.......##
.......## ##...<....#
....... #.........#
........##
##§..[...#.#
#.......#. ##R.....##
# .......##.......#
.......#.......##
#......@*......#
#.....<......###
##..........##
###........#
#.......## ##...####
##.## ##


You could see Azrael and a friendly battlesphere.

Vanquished Creatures
  Donald (Orc:2)
  7 vault guards (D:13)
  An ettin (Orc:1)
  A minotaur (Lab)
  Harold (Lair:4)
  Fannar (Orc:1)
  5 hydras
  A catoblepas (D:13)
  A centaur warrior (D:13)
  Erolcha (D:8)
  A tengu warrior (D:11)
  An orc high priest (Orc:2)
  Sonja (Orc:2)
  An unseen horror (D:13)
  Pikel (D:4)
  2 orc knights (Orc:2)
  2 hill giants
  3 deep elf magi
  4 orc sorcerers
  A manticore (D:12)
  3 ugly things
  A black mamba (Lair:4)
  4 elephants
  The ghost of Heedrag the Destroyer, a novice DECj of Vehumet (D:8)
  7 spiny frogs
  A rime drake (Lair:4)
  2 komodo dragons (Lair:4)
  A kobold demonologist (D:13)
  8 trolls
  A two-headed ogre (D:13)
  7 blink frogs (Lair:2)
  Sigmund (D:4)
  2 vampires
  2 wyverns
  A shadow (D:13)
  22 yaks
  A basilisk (Lair:1)
  4 fire elementals (Orc:2)
  Eustachio (D:6)
  Grum (D:8)
  5 hippogriffs
  A human (D:7)
  A steam dragon (D:13)
  A hog (D:7)
  4 vampire mosquitoes (D:12)
  A hungry ghost (D:9)
  2 wargs (Orc:2)
  Edmund (D:6)
  3 hell hounds (Orc:2)
  7 water moccasins
  9 porcupines
  23 orc warriors
  3 sky beasts
  A slave (D:4)
  A phantom (D:8)
  4 ice beasts
  3 eyes of draining
  8 ogres
  10 wolves
  11 centaurs
  5 crocodiles
  3 big kobolds
  Blork the orc (D:4)
  15 giant frogs
  A water moccasin zombie (D:5)
  4 scorpions
  A killer bee (D:13)
  An electric eel (Lair:3)
  4 crimson imps
  3 centaur zombies
  A quasit (D:7)
  4 jellies
  9 hounds
  3 giant frog skeletons
  A gnoll shaman (D:6)
  14 orc priests
  Crazy Yiuf (D:6)
  21 orc wizards
  3 centaur skeletons
  14 iguanas
  12 worker ants
  15 sheep
  A worker ant zombie (D:6)
  7 gnolls
  20 river rats
  12 adders
  2 shadow imps
  An ooze (D:1)
  4 worms
  7 giant geckos
  83 orcs
  3 bats
  6 giant cockroaches
  2 goblins
  9 hobgoblins
  6 jackals
  19 kobolds
  4 quokkas
  3 ball pythons
  3 giant newts
  A quokka skeleton (D:4)
  9 rats
  A bush (D:6)
  7 plants (D:9)
553 creatures vanquished.

Vanquished Creatures (others)
  A cyclops (D:11)
  A centaur (D:8)
  A lightning spire (D:2)
  2 orcs (D:4)
  3 bushes (D:2)
  5 fungi
13 creatures vanquished.

Grand Total: 566 creatures vanquished

Notes
Turn   | Place    | Note
--------------------------------------------------------------
     0 | D:1      | Heedrag the Deep Elf Conjurer began the quest for the Orb.
     0 | D:1      | Reached XP level 1. HP: 10/10 MP: 6/6
   206 | D:1      | Reached XP level 2. HP: 15/15 MP: 3/8
  1422 | D:2      | Reached skill level 5 in Conjurations
  1422 | D:2      | Reached XP level 3. HP: 17/19 MP: 3/10
  1449 | D:2      | Learned a level 3 spell: Dazzling Spray
  1521 | D:2      | Found an oddly glowing altar of Pakellas.
  1522 | D:2      | Noticed a cyan very ugly thing
  1702 | D:3      | Found a white marble altar of Elyvilon.
  2061 | D:3      | Noticed a scorpion
  2140 | D:4      | Noticed Blork the orc
  2176 | D:4      | Noticed a slave
  2240 | D:3      | Reached XP level 4. HP: 24/24 MP: 10/12
  2245 | D:3      | Found an ancient bone altar of Kikubaaqudgha.
  2282 | D:3      | Learned a level 4 spell: Iskenderun's Mystic Blast
  2469 | D:3      | Found a basalt altar of Yredelemnul.
  2688 | D:3      | Reached skill level 5 in Spellcasting
  2688 | D:3      | Reached skill level 6 in Conjurations
  2688 | D:3      | Reached XP level 5. HP: 19/28 MP: 2/14
  2745 | D:3      | Learned a level 5 spell: Iskenderun's Battlesphere
  2909 | D:4      | Reached skill level 1 in Charms
  3237 | D:4      | Reached XP level 6. HP: 29/32 MP: 9/16
  3643 | D:4      | Noticed Sigmund
  3668 | D:4      | Killed Sigmund
  3668 | D:4      | Reached skill level 7 in Conjurations
  3668 | D:4      | Reached XP level 7. HP: 36/36 MP: 3/18
  4022 | D:4      | Noticed Pikel
  4069 | D:4      | Killed Pikel
  4069 | D:4      | Reached skill level 8 in Conjurations
  4069 | D:4      | Reached skill level 5 in Charms
  4069 | D:4      | Reached XP level 8. HP: 8/41 MP: 5/21
  4416 | D:4      | Killed Blork the orc
  4474 | D:5      | Entered Level 5 of the Dungeon
  4526 | D:5      | Reached skill level 9 in Conjurations
  4591 | D:5      | Found a glowing golden altar of the Shining One.
  4877 | D:5      | Gained mutation: You are robust (+10% HP). [mutagenic meat]
  4878 | D:5      | Gained mutation: Your mind is acute. (Int +2) [mutagenic meat]
  4879 | D:5      | Lost mutation: You are robust (+10% HP). [mutagenic meat]
  5544 | D:5      | Found a staircase to the Ecumenical Temple.
  5551 | Temple   | Entered the Ecumenical Temple
  5558 | Temple   | Became a worshipper of Vehumet
  6180 | D:6      | Noticed Eustachio
  6186 | D:6      | Killed Eustachio
  6316 | D:6      | Noticed Edmund
  6324 | D:6      | Killed Edmund
  6557 | D:6      | Reached XP level 9. HP: 45/45 MP: 15/23
  6559 | D:6      | Reached skill level 10 in Conjurations
  6844 | D:6      | Found a deep blue altar of Sif Muna.
  6857 | D:6      | Reached skill level 1 in Shields
  7139 | D:6      | Noticed Crazy Yiuf
  7143 | D:6      | Killed Crazy Yiuf
  7293 | D:7      | Reached * piety under Vehumet
  7293 | D:7      | Offered knowledge of Sting by Vehumet.
  7488 | D:7      | Found an opulent altar of Gozag.
  7709 | D:7      | Reached skill level 5 in Dodging
  8007 | D:7      | Found a deep blue altar of Sif Muna.
  8105 | D:8      | Noticed Heedrag's ghost (novice DECj)
  8184 | D:8      | Killed Heedrag's ghost
  8184 | D:8      | Reached skill level 11 in Conjurations
  8408 | D:8      | Reached XP level 10. HP: 36/50 MP: 19/25
  8459 | D:8      | Found a staircase to the Lair.
  8459 | D:8      | Noticed an elephant
  8477 | D:8      | Killed an elephant
  8507 | D:8      | Noticed Grum
  8511 | D:8      | Killed Grum
  8520 | D:8      | Reached ** piety under Vehumet
  8530 | D:8      | HP: 1/50 [hound (2)]
  8536 | D:8      | Offered knowledge of Freeze by Vehumet.
  9050 | D:8      | Noticed a moth of wrath
  9053 | D:8      | Found a bloodstained altar of Trog.
  9058 | D:8      | Offered knowledge of Mephitic Cloud by Vehumet.
  9176 | D:8      | Noticed Erolcha
  9181 | D:8      | Killed Erolcha
  9181 | D:8      | Reached skill level 10 in Spellcasting
  9690 | D:9      | Found a glowing silver altar of Zin.
  9765 | D:9      | Reached skill level 10 in Charms
  9780 | D:9      | Reached *** piety under Vehumet
  9878 | D:9      | Reached skill level 12 in Conjurations
 10416 | D:9      | Offered knowledge of Sticky Flame by Vehumet.
 10422 | D:9      | Learned a level 4 spell: Sticky Flame
 10424 | D:10     | Entered Level 10 of the Dungeon
 10532 | D:10     | Reached skill level 1 in Fighting
 10777 | D:10     | Reached XP level 11. HP: 46/56 MP: 6/27
 10888 | D:10     | Found a staircase to the Orcish Mines.
 11131 | D:10     | Reached **** piety under Vehumet
 11325 | D:10     | Offered knowledge of Fireball by Vehumet.
 11546 | D:10     | Reached skill level 1 in Fire Magic
 11646 | D:10     | Noticed a hill giant
 11648 | D:10     | Killed a hill giant
 11697 | D:10     | Learned a level 5 spell: Fireball
 11719 | D:11     | Noticed a tengu warrior
 11723 | D:11     | Killed a tengu warrior
 11936 | D:11     | Found a labyrinth entrance.
 11955 | Lab      | Entered a labyrinth
 12638 | Lab      | Noticed a minotaur
 12642 | Lab      | Killed a minotaur
 12687 | Lab      | Gained mutation: Your muscles are strong. (Str +2) [potion of beneficial mutation]
 12690 | Lab      | Got a twisted eveningstar {crush}
 13209 | D:11     | Reached XP level 12. HP: 72/72 MP: 29/29
 13651 | Lair:1   | Entered Level 1 of the Lair of Beasts
 13666 | Lair:1   | Reached skill level 13 in Conjurations
 13674 | Lair:1   | Reached skill level 5 in Shields
 13832 | Lair:1   | Noticed a five-headed hydra
 13836 | Lair:1   | Killed a five-headed hydra
 13943 | Lair:1   | Found a dark tunnel.
 14092 | Lair:1   | Lost mutation: Your muscles are strong. (Str +2) [potion of cure mutation]
 14092 | Lair:1   | Lost mutation: Your mind is acute. (Int +2) [potion of cure mutation]
 14677 | Lair:1   | Identified the +7 eveningstar of Wealth {crush, rN+ MR+ Int+2 Dex-4} (You took it off a minotaur in a labyrinth)
 14754 | Lair:2   | Noticed an eight-headed hydra
 14760 | Lair:2   | Killed an eight-headed hydra
 14951 | Lair:2   | Reached skill level 1 in Armour
 15215 | Lair:2   | Reached XP level 13. HP: 78/78 MP: 23/30
 15321 | Lair:2   | Reached ***** piety under Vehumet
 15435 | Lair:2   | Offered knowledge of Bolt of Draining by Vehumet.
 16822 | Lair:4   | Learned a level 5 spell: Bolt of Draining
 16905 | Lair:4   | Reached skill level 1 in Necromancy
 17275 | Lair:4   | Reached skill level 5 in Fire Magic
 17560 | Lair:4   | Noticed Harold
 17564 | Lair:4   | Killed Harold
 17564 | Lair:4   | Reached skill level 14 in Conjurations
 19346 | D:13     | Gained mutation: Your system is resistant to poisons. [mutagenic meat]
 19362 | D:13     | Found a shimmering altar of Xom.
 19505 | D:13     | Reached skill level 10 in Dodging
 19567 | D:13     | Noticed a vault guard
 19567 | D:13     | Noticed a vault guard
 19780 | D:13     | Gained mutation: You are robust (+10% HP). [mutagenic meat]
 19781 | D:13     | Gained mutation: Your spells are a little harder to cast, but a little more powerful. [mutagenic meat]
 19887 | D:13     | Reached XP level 14. HP: 92/92 MP: 22/32
 20275 | D:13     | Found a gate to the Vaults.
 20894 | Orc:1    | Entered Level 1 of the Orcish Mines
 20903 | Orc:1    | Found Goag's Jewellery Emporium.
 20936 | Orc:1    | Noticed Fannar
 20940 | Orc:1    | Killed Fannar
 21048 | Orc:1    | Offered knowledge of Orb of Destruction by Vehumet.
 21115 | Orc:1    | Learned a level 7 spell: Orb of Destruction
 21251 | Orc:2    | Entered Level 2 of the Orcish Mines
 21714 | Orc:2    | Noticed Azrael
 21742 | Orc:2    | HP: 1/92 [fire elemental[Azrael] (8)]
 21745 | Orc:2    | Noticed Sonja
 21751 | Orc:2    | Noticed Donald
 21844 | Orc:2    | Killed Donald
 21997 | Orc:2    | Found a burning altar of Makhleb.
 22130 | Orc:2    | Reached skill level 5 in Necromancy
 22283 | Orc:2    | Found a burning altar of Makhleb.
 22295 | Orc:2    | Reached skill level 15 in Conjurations
 22302 | Orc:2    | Noticed an orc warlord
 22302 | Orc:2    | Killed Sonja
 22374 | Orc:2    | Killed from afar by Azrael

Skill      XL: |  1  2  3  4  5  6  7  8  9 10 11 12 13 14 |
---------------+-------------------------------------------+-----
Spellcasting   | 4 5 6 7 8 9 10 11 12 13 | 13.0
Conjurations   | 5 6 7 8 9 11 12 13 14 15 | 15.0
Charms         | 1 3 5 7 8 10 | 10.0
Dodging        | 4 5 7 8 9 10 | 10.6
Shields        | 2 4 5 6 |  6.9
Fighting       | 1 7 8 |  8.6
Fire Magic     | 2 3 5 7 |  7.0
Armour         | 1 3 4 |  4.7
Necromancy     | 3 5 |  5.1
Stealth        | |  2.4

Action                   |  1- 3 |  4- 6 |  7- 9 | 10-12 | 13-15 || total
-------------------------+-------+-------+-------+-------+-------++-------
Melee: Dagger            |     4 |       |       |       |       ||     4
       Short sword       |     3 |     4 |     2 |       |       ||     9
       Scythe            |       |       |    59 |       |       ||    59
       Spear             |       |       |       |    15 |       ||    15
       Staff             |       |       |       |       |    10 ||    10
 Cast: Magic Dart        |    66 |   108 |   214 |   349 |   335 ||  1072
       Dazzling Spray    |     1 |     4 |     6 |       |       ||    11
       Iskenderun's Batt |       |       |    32 |    79 |    79 ||   190
       Iskenderun's Myst |       |       |     2 |    33 |    71 ||   106
       Fireball          |       |       |       |     3 |    35 ||    38
       Bolt of Draining  |       |       |       |       |    13 ||    13
 Abil: Stop Flying       |       |       |       |       |     3 ||     3
       Evoke Flight      |       |       |       |       |     3 ||     3
  Use: Potion            |       |       |       |    16 |     2 ||    18
       Scroll            |       |       |       |    16 |     6 ||    22
 Stab: Invisible         |       |       |     2 |       |       ||     2
  Eat: Chunk             |     4 |     4 |    16 |    20 |    28 ||    72
       Meat ration       |       |       |     1 |     2 |     1 ||     4
       Bread ration      |       |       |     1 |       |       ||     1
       Beef jerky        |       |       |       |     3 |       ||     3
       Fruit             |       |       |       |     1 |       ||     1
       Pizza             |       |       |       |     1 |     4 ||     5
Armor: Robe              |     1 |     2 |    21 |    14 |       ||    38
       Troll leather arm |       |       |       |     3 |    13 ||    16
Dodge: Dodged            |    17 |    22 |    67 |    77 |    72 ||   255
Block: Other             |       |       |     1 |       |       ||     1
       Buckler           |       |       |     4 |    41 |       ||    45
       Reflection        |       |       |     1 |     8 |     5 ||    14
       Shield            |       |       |       |     6 |    53 ||    59
